 Dungeon Crawl Stone Soup version 0.30-a0-916-g9813417 (webtiles) character file.

Game seed: 576691253877005741

69708 Temporary the Bludgeoner (level 14, -8/117 (129) HPs)
             Began as an Armataur Fighter on Apr 9, 2023.
             Was the Champion of Makhleb.
             Killed from afar by an orc sorcerer (35 damage)
             ... with a bolt of negative energy
             ... led by an orc high priest
             ... on level 1 of the Orcish Mines.
             The game lasted 02:29:15 (19029 turns).

Temporary the Bludgeoner (Armataur Fighter)        Turns: 19029, Time: 02:29:15

HP:   -8/117 (129)  AC: 32    Str: 33    XL:     14   Next: 91%
MP:   23/23         EV:  5    Int:  9    God:    Makhleb [******]
Gold: 1456          SH:  5    Dex: 12    Spells: 21/25 levels left

rFire   + . .      SeeInvis .    D - +2 great mace (protect)
rCold   + + +      Faith    .    (shield currently unavailable)
rNeg    . . .      Spirit   .    T - +5 chain mail of Brilliance {rC++}
rPois   +          Reflect  +    x - +2 helmet
rElec   +          Roll     +    e - +1 cloak
rCorr   .                        A - +0 pair of gloves of Makhleb's Esteem {Drain +Blink rPois Regen+}
Will    +++..                    U - +0 barding Stlth
                                 W - amulet "Rilaudofy" {Reflect Rampage *Slow rC++ Str+3 SH+5}
HPRegen 1.19/turn                P - ring "Tuddotypn" {Fire rElec rPois Will+ Str+6}
MPRegen 0.18/turn                Q - ring of willpower

@: slowed, studying Spellcasting, drained, very slow
A: large, rugged brown scales 3, deformed body, armoured tail, roll, long
tongue, awkward tongue
a: Renounce Religion, Evoke Blink, Minor Destruction, Lesser Servant of Makhleb,
Major Destruction, Greater Servant of Makhleb


You were on level 1 of the Orcish Mines.
You worshipped Makhleb.
Makhleb was exalted by your worship.
You visited 4 branches of the dungeon, and saw 19 of its levels.
You also visited: Ossuary and Gauntlet.

You collected 2968 gold pieces.
You spent 1512 gold pieces at shops.

Inventory:

Hand Weapons
 D - a +2 great mace of protection (weapon)
 X - the +12 mace "Ydghapnao" {venom, *Corrode rC- rN+++ SInv}
   (You found it in a Gauntlet)

   rC:        It makes you vulnerable to cold.
   rN:        It renders you almost immune to negative energy.
   SInv:      It lets you see invisible.
   *Corrode:  It may corrode you when you take damage.
Missiles
 g - 6 atropa-tipped darts
Armour
 c - a +0 buckler
 e - a +1 cloak (worn)
 x - a +2 helmet (worn)
 A - the +0 pair of gloves of Makhleb's Esteem (worn) {Drain +Blink rPois Regen+}
   (You found it on level 3 of the Dungeon)

   rPois:     It protects you from poison.
   +Blink:    It lets you blink.
   Regen:     It increases your rate of health regeneration.
   Drain:     It drains your maximum health when unequipped.
 G - +0 ice dragon scales
 N - +2 fire dragon scales
 T - the +5 chain mail of Brilliance (worn) {rC++}
   (You found it on level 2 of the Lair of Beasts)

   rC:        It greatly protects you from cold.
 U - a +0 barding (worn)
Jewellery
 l - a ring of fire
 q - a ring of flight
 B - an amulet of the acrobat
 E - a ring of wizardry
 P - the ring "Tuddotypn" (left hand) {Fire rElec rPois Will+ Str+6}
   (You found it on level 1 of the Lair of Beasts)

   [ring of fire]

   It enhances your fire magic.
   Str:       It affects your strength (+6).
   rF:        It protects you from fire.
   rC:        It makes you vulnerable to cold.
   rElec:     It insulates you from electricity.
   rPois:     It protects you from poison.
   Will:      It increases your willpower.
 Q - a ring of willpower (right hand)
 R - a ring of poison resistance
 W - the amulet "Rilaudofy" (around neck) {Reflect Rampage *Slow rC++ Str+3 SH+5}
   (You found it in a Gauntlet)

   [amulet of reflection]

   It reflects blocked missile attacks.
   Str:       It affects your strength (+3).
   rC:        It greatly protects you from cold.
   *Slow:     It may slow you when you take damage.
   SH:        It affects your SH (+5).
   Rampage:   It bestows one free step when moving towards enemies.
Wands
 b - a wand of iceblast (17)
 i - a wand of flame (10)
 k - a wand of paralysis (3)
 v - a wand of acid (11)
 y - a wand of digging (3)
 F - a wand of mindburst (45)
Scrolls
 f - 3 scrolls of poison
 h - 3 scrolls of fear
 n - 4 scrolls of fog
 C - 9 scrolls of teleportation
 H - 5 scrolls of vulnerability
 K - 2 scrolls of blinking
 L - a scroll of enchant weapon
 O - 2 scrolls of amnesia
 S - a scroll of magic mapping
Potions
 a - 3 potions of magic
 d - 2 potions of might
 j - 5 potions of flight
 m - 5 potions of cancellation
 o - 6 potions of brilliance
 p - 2 potions of curing
 r - 7 potions of haste
 s - 3 potions of attraction
 t - 2 potions of lignification
 u - 5 potions of mutation
 z - 4 potions of resistance
 J - a potion of ambrosia
Miscellaneous
 M - a box of beasts
 Y - a phial of floods
 Z - a phantom mirror (inert)


   Skills:
 - Level 10.0 Fighting
 + Level 18.1 Maces & Flails
 - Level 15.0 Armour
 - Level 5.0 Shields
 - Level 6.0 Spellcasting
 - Level 6.0 Translocations
 - Level 8.4 Invocations


You had 21 spell levels left.
You knew the following spells:

 Your Spells              Type           Power      Damage    Failure   Level
a - Apportation           Tloc           26%        N/A       5%          1
b - Vhi's Electric Charg  Tloc/Air       16%        N/A       50%         3

Your spell library contained the following spells:

 Spells                   Type           Power      Damage    Failure   Level
 Portal Projectile        Hex/Tloc       16%        N/A       50%         3
 Freeze                   Ice            8%         1d3       54%         1
 Necrotise                Necr           8%         1d4       54%         1
 Summon Small Mammal      Summ           8%         N/A       54%         1
 Static Discharge         Conj/Air       4%         2-3/arc   67%         2
 Call Canine Familiar     Summ           2%         N/A       88%         3
 Airstrike                Air            1%         2d(1-17)  99%         4
 Fulminant Prism          Conj/Hex       1%         3d5       99%         4
 Leda's Liquefaction      Hex/Erth       1%         N/A       99%         4
 Summon Lightning Spire   Summ/Air       2%         N/A       99%         4
 Arcjolt                  Conj/Air       1%         1d11      100%        5
 Plasma Beam              Fire/Air       2%         2x1d13    100%        5
 Summon Cactus Giant      Summ           1%         N/A       100%        6
 Enfeeble                 Hex            1%         N/A       100%        7
 Discord                  Hex            1%         N/A       100%        8
 Lehudib's Crystal Spear  Conj/Erth      1%         10d2      100%        8


Dungeon Overview and Level Annotations

Branches:
Dungeon (12/15)            Temple (1/1) D:4            Lair (5/5) D:9
 Shoals (0/4) Lair:2       Spider (0/4) Lair:3        Slime (0/5) Lair:4
    Orc (1/2) D:9         Ossuary (visited)         Gauntlet (visited)

Altars:
Ashenzari
Cheibriados
Dithmenos
Elyvilon
Fedhas
Gozag
Hepliaklqana
Kikubaaqudgha
Makhleb
Nemelex Xobeh
Okawaru
Qazlal
Ru
Sif Muna
Trog
Uskayaw
Vehumet
Wu Jian
Xom
Yredelemnul
Zin
The Shining One
Jiyva

Shops:
D:3 [   D:6 [


Innate Abilities, Weirdness & Mutations

You are completely covered in rugged brown scales. (AC +3, +7% HP)
Armour fits poorly on your strangely shaped body.
You have a long armoured tail.
You roll when moving toward enemies. (Rampage)
Your long tongue fully drains potion bottles. (2x potion effects)
Your tongue gives you trouble enunciating. (1.5x scroll delay)


Message History

Your orc warlord burns the orc warrior.
The orc warrior dies!
Makhleb accepts your kill.
An orc warrior comes into view. It is wielding a +0 dire flail.
The orc warlord roars a battlecry!
You barely miss the orc warlord.
You tail-slap the orc warlord, but do no damage.
The orc warlord is almost dead.
Your orc warlord barely misses the orc warlord.
The orc warrior hits your orc warlord with a +0 dire flail!!
The orc warlord hits you but does no damage.
You barely miss the orc warlord.
You tail-slap the orc warlord, but do no damage.
The orc warlord is almost dead.
You hit the orc warlord.
You kill the orc warlord!
Makhleb accepts your kill.
You feel better.
Your orc warlord hits the orc warrior with a +2 glaive of flaming!!
Your orc warlord burns the orc warrior.
The orc warrior hits your orc warlord with a +0 dire flail!!
Your orc warlord dies!
Your orc warlord's corpse shimmers and vanishes!
You miss something.
Your tail-slap misses something.
The orc sorcerer casts a spell at you.
The bolt of negative energy hits something!
Reactivating autopickup.
The bolt of negative energy hits you!!
You feel drained.
* * * LOW HITPOINT WARNING * * *
You feel yourself slow down.
An orc warrior comes into view. It is wielding a +0 scimitar.
You miss the orc sorcerer.
Your tail-slap misses the orc sorcerer.
The orc sorcerer is lightly wounded.
The orc sorcerer is no longer covered in acid.
The orc sorcerer mumbles some strange words.
You closely miss the orc sorcerer.
The orc sorcerer is lightly wounded.
The orc sorcerer casts a spell at you. The bolt of negative energy hits you!!
You feel drained.
You die...

###..#.....##....
##...........#
#..............
#...##.........
##.##...#......
###....#......
###........^#...
##........#.#....
#.....##@###...
##.#####o# #..
#####.o############
#.oo#)o.........
##.))ooo........
####.$..)..o..o
############


You could see an orc sorcerer (strong) and 3 orc warriors.

Vanquished Creatures
  An orc warlord (Orc:1)
  A minotaur (Gauntlet)
  An ice dragon (Lair:5)
  3 hydras
  A catoblepas (Lair:4)
  A boulder beetle (D:11)
  A dancing weapon (D:7)
  4 two-headed ogres
  10 death yaks
  A skyshark (Lair:4)
  5 skeletal warriors (D:12)
  An orc knight (Orc:1)
  The ghost of CumLord the Spear-Bearer, a novice MiFi (D:6)
  The ghost of
  60083410 the Basher, a novice GrMo of Qazlal (D:7)
  2 lindwurms (Lair:5)
  A deep elf zephyrmancer (D:10)
  A cyclops (D:12)
  Maurice (Orc:1)
  22 elephants
  4 black mambas
  An ice statue (D:8)
  9 torpor snails
  A gargoyle (D:11)
  A hellion (Gauntlet)
  Joseph (D:9)
  Psyche (D:8)
  A kobold demonologist (D:11)
  8 cane toads
  5 komodo dragons
  13 rime drakes
  The ghost of cpf86 the Covert, a novice KoBr (D:4)
  2 polar bears (Lair:5)
  7 trolls
  A wind drake (Lair:2)
  A red devil (Gauntlet)
  3 tyrant leeches (Lair:5)
  3 blink frogs (Lair:5)
  9 hornets
  4 jumping spiders (Lair:3)
  3 slime creatures (D:12)
  2 culicivoras (Lair:3)
  12 wyverns
  A wraith (D:11)
  46 yaks
  7 basilisks
  11 steam dragons (Lair:2)
  Edmund (D:4)
  A warg (Orc:1)
  3 swamp worms (Gauntlet)
  An acid dragon (D:11)
  A hell hound (Gauntlet)
  10 water moccasins
  8 orc warriors
  3 black bears
  An ice beast (D:6)
  2 sky beasts
  3 ogres
  A wolf (Lair:4)
  12 centaurs
  5 phantoms
  3 kobold brigands
  8 bullfrogs
  4 gnoll sergeants
  An elf skeleton (D:4)
  11 scorpions
  13 wights
  A water moccasin skeleton (D:4)
  2 killer bees (D:7)
  4 electric eels (D:8)
  5 howler monkeys
  6 centaur zombies (Ossuary)
  2 human zombies
  11 orc priests
  4 hounds
  2 jellies (D:5)
  3 gnoll boudas
  2 bullfrog skeletons (D:4)
  2 human skeletons (D:4)
  4 iguanas
  9 scorpion zombies (Ossuary)
  15 orc wizards
  9 hell rats (Lair:4)
  3 mummies (Ossuary)
  29 gnolls
  10 adders
  A white imp (D:5)
  An ufetubus (D:5)
  A worm (D:2)
  2 dart slugs
  78 orcs
  4 ball pythons
  4 endoplasms
  3 giant cockroaches
  2 gnoll zombies (Ossuary)
  4 goblins
  8 hobgoblins
  3 jackals (D:3)
  15 kobolds
  4 quokkas
  11 bats
  6 frilled lizards
  A goblin zombie (Ossuary)
  2 hobgoblin zombies (Ossuary)
  4 kobold zombies (Ossuary)
  2 orc skeletons (D:4)
  An orc zombie (Ossuary)
  6 rats
595 creatures vanquished.

Vanquished Creatures (collateral kills)
  A wizard (D:10)
  An unseen horror (D:11)
  2 orc warriors
  A killer bee (D:7)
  An electric eel (D:8)
  A gnoll bouda (D:7)
  A sleepcap (D:8)
  2 gnolls (D:7)
  An orc (D:8)
  3 hobgoblins (D:7)
  2 kobolds (D:7)
16 creatures vanquished.

Vanquished Creatures (others)
  A deep elf pyromancer (D:10)
  A manticore (Lair:2)
  A rime drake (Lair:2)
  An acid dragon (Lair:2)
  An orc wizard (Orc:1)
  A quokka (D:4)
  26 fungi
  77 plants
  4 toadstools (D:1)
113 creatures vanquished.

Grand Total: 724 creatures vanquished

Notes
Turn   | Place    | Note
-------+----------+-------------------------------------------
     0 | D:1      | Temporary the Armataur Fighter began the quest for the Orb.
     0 | D:1      | Reached XP level 1. HP: 19/19 MP: 1/1
   210 | D:1      | Reached XP level 2. HP: 26/26 MP: 2/2
   724 | D:2      | Reached skill level 2 in Maces & Flails
   729 | D:2      | Reached XP level 3. HP: 27/33 MP: 3/3
   880 | D:2      | Found a faded altar of an unknown god.
   944 | D:2      | Prayed at the altar of an unknown god.
   944 | D:2      | Became a worshipper of Vehumet
   944 | D:2      | Reached * piety under Vehumet
   944 | D:2      | Offered knowledge of Freeze by Vehumet.
  1469 | D:3      | Found Izirgh's Antique Armour Shop.
  1785 | D:3      | Reached XP level 4. HP: 40/40 MP: 4/4
  1788 | D:3      | Found a burning altar of Makhleb.
  1944 | D:3      | Offered knowledge of Shock by Vehumet.
  1999 | D:3      | Found a hazy altar of Hepliaklqana.
  2047 | D:3      | Reached ** piety under Vehumet
  2168 | D:3      | Reached skill level 5 in Armour
  2168 | D:3      | Reached XP level 5. HP: 34/48 MP: 5/5
  2283 | D:3      | Identified the +0 pair of gloves of Makhleb's Esteem {Drain
                  | +Blink rPois Regen+}
  2631 | D:3      | Fell from the grace of Vehumet
  2631 | D:3      | Became a worshipper of Makhleb the Destroyer
  2651 | D:4      | Noticed an ogre
  2657 | D:4      | Killed an ogre
  2658 | D:4      | Reached skill level 3 in Maces & Flails
  2658 | D:4      | Reached skill level 5 in Shields
  2672 | D:4      | Noticed Edmund
  2719 | D:4      | Killed Edmund
  2720 | D:4      | Reached skill level 4 in Maces & Flails
  2720 | D:4      | Reached XP level 6. HP: 27/54 MP: 6/6
  2734 | D:4      | Reached skill level 5 in Maces & Flails
  2803 | D:4      | Found a sand-covered staircase.
  2812 | D:4      | Reached XP level 7. HP: 60/60 MP: 7/7
  2823 | Ossuary  | Entered an ossuary
  2883 | Ossuary  | Reached skill level 6 in Maces & Flails
  2926 | Ossuary  | Reached skill level 7 in Maces & Flails
  2942 | Ossuary  | Reached * piety under Makhleb
  2995 | Ossuary  | Reached XP level 8. HP: 67/67 MP: 8/8
  3039 | Ossuary  | Reached skill level 1 in Invocations
  3046 | Ossuary  | Reached skill level 8 in Maces & Flails
  3294 | D:4      | Found a broken altar of Ashenzari.
  3344 | D:4      | Found a staircase to the Ecumenical Temple.
  3355 | Temple   | Entered the Ecumenical Temple
  3585 | D:4      | Found a transporter.
  3592 | D:4      | Reached skill level 9 in Maces & Flails
  3623 | D:4      | Found a transporter.
  3700 | D:4      | Noticed cpf86's ghost (novice KoBr)
  4019 | D:4      | Found a glowing silver altar of Zin.
  4167 | D:4      | Killed cpf86's ghost
  4168 | D:4      | Reached XP level 9. HP: 73/73 MP: 11/11
  4256 | D:5      | Entered Level 5 of the Dungeon
  4266 | D:4      | Identified a scroll of acquirement
  4266 | D:4      | Acquired 587 gold pieces
  4320 | D:5      | Reached ** piety under Makhleb
  4666 | D:5      | Reached skill level 10 in Maces & Flails
  4688 | D:5      | Reached skill level 5 in Invocations
  4975 | D:5      | Found an ancient bone altar of Kikubaaqudgha.
  5111 | D:6      | Found a runed translucent door.
  5117 | D:6      | Noticed CumLord's ghost (novice MiFi)
  5138 | D:6      | Killed CumLord's ghost
  5139 | D:6      | Reached skill level 11 in Maces & Flails
  5198 | D:6      | Found Ybeejum's Antique Armour Boutique.
  5238 | D:6      | Reached XP level 10. HP: 82/82 MP: 14/14
  5288 | D:6      | Found a sparkling altar of Nemelex Xobeh.
  5327 | D:6      | Reached *** piety under Makhleb
  6311 | D:7      | Reached skill level 1 in Spellcasting
  6625 | D:7      | Reached **** piety under Makhleb
  6659 | D:7      | Reached skill level 12 in Maces & Flails
  6985 | D:7      | Found a runed translucent door.
  6986 | D:7      | Found a shimmering altar of Xom.
  6986 | D:7      | Noticed 60083410's ghost (novice GrMo)
  6986 | D:7      | Noticed a +1 short sword of chaos
  7000 | D:7      | Killed a +1 short sword of chaos
  7010 | D:7      | Killed 60083410's ghost
  7385 | D:8      | Was forgiven by Vehumet
  7387 | D:8      | Noticed an ice statue
  7408 | D:8      | Killed an ice statue
  7409 | D:8      | Reached XP level 11. HP: 85/87 MP: 17/17
  7414 | D:8      | Identified the +2 pair of boots "Vefamete" {rC- Regen+
                  | Int+8 Stlth-}
  7526 | D:6      | Bought glowing fire dragon scales for 1512 gold pieces
  7921 | D:8      | Noticed Psyche
  7930 | D:8      | Killed Psyche
  7931 | D:8      | Reached skill level 5 in Spellcasting
  8641 | D:9      | Noticed Joseph
  8670 | D:9      | Killed Joseph
  8705 | D:9      | Found a staircase to the Lair.
  8809 | D:9      | Found a staircase to the Orcish Mines.
  9163 | D:9      | Reached skill level 13 in Maces & Flails
  9540 | D:10     | Entered Level 10 of the Dungeon
  9540 | D:10     | Found a shimmering blue altar of Sif Muna.
  9752 | D:10     | Noticed a two-headed ogre
  9759 | D:10     | Killed a two-headed ogre
  9857 | D:10     | Noticed a deep elf pyromancer
  9864 | D:10     | Noticed a deep elf zephyrmancer
  9869 | D:10     | Noticed a wizard
  9872 | D:10     | Killed a deep elf pyromancer
  9875 | D:10     | Killed a deep elf zephyrmancer
  9879 | D:10     | Killed a wizard
  9884 | D:10     | Noticed a deep elf pyromancer
  9885 | D:10     | Got Ts'ui PĂȘn's Atlas of Forking Paths
  9894 | D:10     | Got Hiseq's Handbook of Sand
  9897 | D:10     | Learned a level 1 spell: Apportation
  9904 | D:10     | Got the Tome of Dhcmrlchtdj
 10027 | D:10     | Noticed a two-headed ogre
 10040 | D:10     | Killed a two-headed ogre
 10041 | D:10     | Reached skill level 1 in Translocations
 10592 | D:11     | Noticed a two-headed ogre
 10599 | D:11     | Killed a two-headed ogre
 10600 | D:11     | Reached skill level 14 in Maces & Flails
 10613 | D:11     | Noticed a boulder beetle
 10613 | D:11     | Noticed a two-headed ogre
 10622 | D:11     | Killed a two-headed ogre
 10623 | D:11     | Reached XP level 12. HP: 83/95 MP: 21/21
 10659 | D:11     | Killed a boulder beetle
 10852 | D:11     | Reached ***** piety under Makhleb
 11416 | D:12     | Reached skill level 5 in Translocations
 11461 | D:12     | Reached skill level 10 in Armour
 11627 | D:12     | Identified the +8 hand axe "Xun Biti" {distort, Str+3}
 11711 | Lair:1   | Entered Level 1 of the Lair of Beasts
 11769 | Lair:1   | Found a radiant altar of Vehumet.
 11826 | Lair:1   | Identified the ring "Tuddotypn" {Fire rElec rPois Will+
                  | Str+6}
 11878 | Lair:1   | Learned a level 3 spell: Vhi's Electric Charge
 11897 | Lair:1   | Noticed a death yak
 11925 | Lair:1   | Killed a death yak
 12129 | Lair:1   | Reached skill level 5 in Fighting
 12863 | Lair:2   | Reached XP level 13. HP: 54/111 MP: 22/22
 13459 | Lair:2   | Found a staircase to the Shoals.
 13822 | Lair:2   | Identified the +5 chain mail of Brilliance {rC++}
 14495 | Lair:3   | Found a hole to the Spider Nest.
 15463 | Lair:4   | Found a gate leading to a gauntlet.
 15505 | Gauntlet | Entered a Gauntlet
 15505 | Gauntlet | Found a transporter.
 15505 | Gauntlet | Found a transporter.
 15506 | Gauntlet | Found a transporter.
 15509 | Gauntlet | Found a transporter.
 15509 | Gauntlet | Found a transporter.
 15509 | Gauntlet | Found a transporter.
 15521 | Gauntlet | Found a transporter.
 15523 | Gauntlet | Found a transporter.
 15533 | Gauntlet | Found a transporter.
 15642 | Gauntlet | Found a transporter.
 15646 | Gauntlet | Found a transporter.
 15656 | Gauntlet | Found a transporter.
 15760 | Gauntlet | Reached skill level 10 in Fighting
 15883 | Gauntlet | Identified the +1 pair of boots "Nuveacwu" {Int+4}
 15900 | Gauntlet | Noticed a minotaur
 15911 | Gauntlet | Killed a minotaur
 15942 | Gauntlet | Identified the +12 mace "Ydghapnao" {venom, *Corrode rC-
                  | rN+++ SInv}
 15942 | Gauntlet | Identified the amulet "Rilaudofy" {Reflect Rampage *Slow
                  | rC++ Str+3 SH+5}
 16025 | Lair:4   | Reached XP level 14. HP: 129/129 MP: 23/23
 16082 | Lair:4   | Reached ****** piety under Makhleb
 16397 | Lair:4   | Found a viscous altar of Jiyva.
 16397 | Lair:4   | Found a staircase to the Slime Pits.
 16995 | Lair:5   | Entered Level 5 of the Lair of Beasts
 17025 | Lair:4   | Reached skill level 15 in Armour
 17034 | Lair:4   | Reached skill level 15 in Maces & Flails
 17381 | Lair:5   | Reached skill level 16 in Maces & Flails
 17648 | Lair:5   | Reached skill level 17 in Maces & Flails
 17712 | Lair:5   | Found a runed translucent door.
 18029 | Lair:5   | Paralysed by a hornet for 1 turns
 18034 | Lair:5   | Paralysed by a hornet for 1 turns
 18560 | Orc:1    | Entered Level 1 of the Orcish Mines
 18562 | Orc:1    | Noticed Maurice
 18582 | Orc:1    | Killed Maurice
 18753 | Orc:1    | Reached skill level 18 in Maces & Flails
 18984 | Orc:1    | Noticed an orc warlord
 19025 | Orc:1    | Killed an orc warlord
 19029 | Orc:1    | Killed from afar by an orc sorcerer

Illustrated notes

Levels and vault maps discovered:
D:1:      dpeg_arrival_stone_temple_mockup, layout_loops_ring,
          minmay_misc_feat_chi, minmay_gold_behind_fungi
D:2:      layout_basic, hellmonk_ecumenical_altar_inner_sanctum,
          serial_park_tiny_pond
D:3:      layout_loops_corners, mainiacjoe_overflow_brackets,
          nicolae_overflow_crystal_walls, serial_shops,
          nicolae_shop_overgrown_old_shop
D:4:      layout_cave_pods, nicolae_overflow_hidden_temple, lemuel_tele_altar,
          minmay_temple_entry_stoned_glass, nicolae_ossuary_entry_catacombs,
          gammafunk_ghost_mausoleum, uniq_edmund
D:5:      layout_basic, general_overflow_altar, minmay_manual_moon
D:6:      layout_gridville, lemuel_coloured_pillars_altar, serial_shops,
          nicolae_shop_statue_plus, ebering_ghost_sewer_d,
          kennysheep_cross_bottleneck
D:7:      kennysheep_housing_project, layout_rooms, ebering_ghost_xom,
          centaur_isle
D:8:      statuecave_lemuel, layout_loops_ring, serial_bayou_lake_a, uniq_psyche
D:9:      layout_basic, lair_entry_dummy, orc_0_dummy, special_room
          [special_room_orc], uniq_joseph
D:10:     layout_basic, mainiacjoe_overflow_tiny_flanked,
          bh_hangedman_babel_library
D:11:     layout_roguey
D:12:     layout_cave_pools
Temple:   hellmonk_temple_two_chambers
Lair:1:   layout_roguey, basic_altar
Lair:2:   layout_regular_city, minmay_shoals_entry_beasts,
          bobbens_dragon_lair_wall
Lair:3:   layout_loops_ring, nicolae_spider_entry_tight_spaces, serial_rivers,
          chequers_serial_rivers_micro_a, chequers_serial_rivers_large_a,
          chequers_serial_rivers_large_b, chequers_serial_rivers_small_3,
          chequers_serial_rivers_small_a
Lair:4:   layout_cave_pods, dpeg_slime_entry_corner, gauntlet_entry_generic,
          special_room [special_room_mythical_zoo]
Lair:5:   wormcave, layout_regular_city
Orc:1:    layout_caves, minmay_orc_barracks, uniq_maurice

Skill      XL: |  1  2  3  4  5  6  7  8  9 10 11 12 13 14 |
---------------+-------------------------------------------+-----
Armour         | 4 5 8 11 13 15 | 15.0
Fighting       | 3 6 10 | 10.0
Maces & Flails | 2 4 5 7 9 11 12 14 18 | 18.1
Shields        | 4 5 |  5.0
Invocations    | 3 6 8 |  8.4
Spellcasting   | 4 6 |  6.0
Translocations | 3 6 |  6.0

Action                     |  1- 3 |  4- 6 |  7- 9 | 10-12 | 13-15 || total
---------------------------+-------+-------+-------+-------+-------++-------
  Melee: Flail             |   125 |   157 |   465 |  1186 |   573 ||  2506
         Tailslap          |    10 |    15 |    68 |   197 |   236 ||   526
         Great mace        |       |       |       |       |   586 ||   586
  Throw: Stone             |     5 |     7 |     3 |     3 |       ||    18
 Invoke: Minor Destruction |       |       |    10 |    19 |    19 ||    48
         Lesser Servant of |       |       |       |    10 |     4 ||    14
         Major Destruction |       |       |       |     5 |       ||     5
Ability: Evoke Blink       |       |       |       |     1 |     1 ||     2
  Evoke: Wand              |       |       |       |     1 |     2 ||     3
         Box of beasts     |       |       |       |     1 |       ||     1
         Phial of floods   |       |       |       |       |     1 ||     1
         Phantom mirror    |       |       |       |       |     1 ||     1
    Use: Scroll            |     9 |     4 |     7 |    11 |     3 ||    34
         Potion            |       |     2 |     1 |     8 |    12 ||    23
   Stab: Invisible         |       |     7 |       |       |     3 ||    10
         Distracted        |       |       |       |     2 |       ||     2
         Petrified         |       |       |       |       |     5 ||     5
 Armour: Scale mail        |    72 |    80 |   330 |   228 |       ||   710
         Fire dragon scale |       |       |       |   489 |   159 ||   648
         Chain mail        |       |       |       |       |   955 ||   955
  Dodge: Dodged            |    45 |    66 |   170 |   430 |   430 ||  1141
  Block: Buckler           |    23 |    30 |   123 |   231 |   112 ||   519
         Other             |       |       |       |       |    27 ||    27

Table legend: (Time is in decaauts)
 A = Elapsed time spent in this place.
 B = Non-inter-level travel time spent in this place.
 C = Inter-level travel time spent in this place.
 D = Time resting spent in this place.
 E = Time spent auto-exploring this place.
 F = Levels seen in this place.
 G = Mean time per level.
                   A        B        C        D        E       F      G
               +--------+--------+--------+--------+--------+-----+--------+
         Total |  18679 |  18233 |    446 |    510 |  10916 |  21 |  889.5 |
       Dungeon |  11170 |  10814 |    356 |    250 |   6632 |  12 |  930.8 |
        Temple |     19 |     19 |      0 |      0 |     10 |   1 |   19.0 |
          Lair |   6137 |   6047 |     90 |    226 |   3811 |   5 | 1227.4 |
  Orcish Mines |    449 |    449 |      0 |      5 |    261 |   1 |  449.0 |
       Ossuary |    448 |    448 |      0 |      0 |    143 |   1 |  448.0 |
      Gauntlet |    455 |    455 |      0 |     29 |     59 |   1 |  455.0 |
               +--------+--------+--------+--------+--------+-----+--------+

Top non-repeatable levels by time:
  Lair:2: 1396 daAuts
  Lair:5: 1364 daAuts
  Lair:3: 1296 daAuts
     D:3: 1262 daAuts
     D:7: 1202 daAuts
     D:9: 1200 daAuts
  Lair:4: 1191 daAuts
     D:4: 1186 daAuts
     D:6: 1161 daAuts
     D:8: 969 daAuts
  Lair:1: 888 daAuts
    D:10: 845 daAuts
    D:11: 781 daAuts
     D:1: 743 daAuts
     D:5: 743 daAuts
